Map: Acolyte LE

Players

Elazer

  • Race: Zerg Zerg
  • Spawn Location: 1:00

SpeCial - Winner!

  • Race: Terran Terran
  • Spawn Location: 7:00

Event: 2017 WCS Global Finals

VOD

Have the link to the VOD?

Description

Time

  • Played on: Nov. 3, 2017, 3:42 p.m.
  • Length: 6:49

All games in this series

Show
View Real Time Build Order
Export as new Build Order

Elazer Zerg 

Build Orders: Hatch First 

Get SALT Encoding   

  12  0:00  Drone  
  13  0:12  Overlord  
  13  0:17  Drone  
  14  0:30  Drone  
  14  0:32  Drone  
  16  0:49  Hatchery  
  15  0:52  Drone  
  15  0:55  Drone  
  17  1:10  Spawning Pool  
  16  1:12  Drone  
  16  1:16  Drone  
  18  1:36  Hatchery  
  18  1:39  Drone  
  18  1:41  Drone  
  18  1:45  Drone  
  20  1:57  Queen  
  22  2:02  Zergling x2  
  22  2:03  Zergling x2  
  24  2:09  Queen  
  24  2:12  Drone  
  27  2:17  Overlord  
  27  2:20  Drone  
  28  2:35  Drone  
  29  2:43  Queen, Drone  
  32  2:44  Overlord  
  32  2:45  Drone x2  
  32  2:51  Queen  
  36  2:55  Extractor, Drone  
  36  2:58  Drone  
  36  3:00  Drone  
  36  3:04  Extractor, Drone  
  36  3:05  Drone  
  39  3:07  Drone  
  39  3:11  Drone x2  
  42  3:18  Overlord  
  42  3:19  Drone  
  43  3:20  Drone  
  43  3:26  Queen  
  46  3:27  Drone  
  46  3:30  Drone  
  46  3:33  Drone  
  46  3:34  Drone  
  50  3:37  Drone  
  50  3:39  Drone  
  52  3:45  Lair  
  52  3:49  Queen  
  52  3:52  Drone  
  52  3:53  Drone  
  52  3:55  Drone  
  57  3:58  Spore Crawler  
  57  3:59  Extractor, Drone  
  56  4:07  Queen  
  56  4:18  Drone x2  
  56  4:19  Drone  
  58  4:26  Overlord  
  58  4:27  Roach Warren  
  58  4:28  Evolution Chamber  
  56  4:33  Overlord  
  56  4:34  Drone x2  
  50  4:45  Drone  
  48  4:55  Nydus Network  
  44  5:02  Overseer  
  44  5:06  Roach x2  
  44  5:07  Roach x5  
  58  5:11  Queen  
  60  5:21  Overlord  
  60  5:26  Roach  
  64  5:34  Nydus Canal  
  62  5:40  Roach  
  62  5:42  Queen x2  
  68  5:45  Roach  
  68  5:48  Roach  
  72  5:52  Roach  
  72  5:56  Roach  
  76  6:00  Roach  
  78  6:05  Roach  
  78  6:08  Roach  
  78  6:10  Overlord  
  80  6:24  Roach x2  
  74  6:29  Roach  
Show
View Real Time Build Order
Export as new Build Order

SpeCial Terran - Winner!

Build Orders: Hellion Opening, Reaper Expand 

Get SALT Encoding   

  12  0:00  SCV  
  13  0:12  SCV  
  14  0:18  Supply Depot  
  14  0:24  SCV  
  15  0:40  SCV  
  15  0:42  Barracks  
  16  0:43  Refinery  
  16  0:52  SCV  
  17  1:04  SCV  
  18  1:16  SCV  
  19  1:29  Reaper, Orbital Command  
  20  1:39  Command Center  
  20  1:52  Supply Depot  
  20  1:55  SCV  
  20  2:01  Marine  
  22  2:06  Factory  
  22  2:07  SCV  
  23  2:12  Refinery  
  23  2:20  SCV  
  23  2:22  Barracks Reactor  
  24  2:32  SCV  
  25  2:44  SCV  
  26  2:52  Starport, Orbital Command  
  26  2:56  SCV  
  27  3:03  Hellion x2  
  31  3:08  SCV, Barracks Tech Lab  
  32  3:18  SCV  
  33  3:20  SCV  
  33  3:24  Hellion x2  
  33  3:25  Supply Depot  
  38  3:31  SCV  
  38  3:32  SCV  
  40  3:36  Raven  
  42  3:43  SCV  
  42  3:45  SCV  
  42  3:46  Hellion  
  42  3:47  Supply Depot, Hellion  
  48  3:55  SCV  
  49  3:57  SCV  
  50  4:07  Command Center  
  50  4:08  Hellion  
  50  4:09  Hellion  
  54  4:12  SCV x2  
  56  4:20  Raven  
  57  4:24  SCV x2  
  57  4:26  Supply Depot  
  57  4:30  Refinery  
  59  4:32  Refinery  
  59  4:35  Hellion  
  59  4:36  SCV  
  59  4:37  Hellion  
  62  4:45  SCV  
  61  4:48  SCV  
  58  4:52  Armory  
  58  4:55  Armory  
  58  4:57  SCV, Hellion  
  59  5:00  SCV  
  59  5:02  Hellion  
  60  5:09  SCV  
  60  5:12  SCV  
  60  5:13  Factory  
  62  5:18  Factory, Orbital Command  
  62  5:21  SCV  
  63  5:24  Hellion x2, SCV  
  68  5:28  Liberator  
  68  5:30  Starport Reactor, Barracks Tech Lab  
  68  5:33  SCV  
  69  5:36  SCV  
  70  5:45  SCV, Cyclone  
  70  5:46  Cyclone  
  80  5:51  Supply Depot x2  
  80  5:53  SCV  
  81  5:57  SCV  
  84  6:12  Marauder  
  74  6:19  Hellion x2  
  74  6:20  SCV  
  74  6:21  SCV  
  74  6:25  Hellion x4  
  63  6:33  SCV x2  
Tags
 
Add a new tag
Caveats
  • Supply blocks, unpowered buildings, or Contaminate may cause inaccurate times.
  • Supply counts are checked every 10 seconds.